 Dungeon Crawl Stone Soup version 0.28.0-49-g6dfe1f597d (webtiles) character file.

Game seed: 786835407748299333

2363 101zpm the Thaumaturge (level 9, -18/49 HPs)
             Began as a Djinni Fire Elementalist on May 12, 2022.
             Was a Believer of Hepliaklqana.
             Demolished by a boulder beetle (29 damage)
             ... on level 6 of the Dungeon.
             The game lasted 00:14:26 (10896 turns).

101zpm the Thaumaturge (Djinni Fire Elementalist)  Turns: 10896, Time: 00:14:27

Health: -18/49     AC:  2    Str:  7    XL:     9   Next: 72%
Gold:   302        EV: 16    Int: 21    God:    Hepliaklqana [**....] SH:  0 Dex: 14

rFire   + + .      SeeInvis .   (no weapon)
rCold   x . .      Faith    .   (no shield)
rNeg    . . .      Spirit   .   a - +0 robe
rPois   ∞          Reflect  .   (no helmet)
rElec   .          Harm     .   (no cloak)
rCorr   +          Rampage  .   (no gloves)
Will    .....                   (boots unavailable)
Stlth   ++........              (no amulet)
HPRegen 0.16/turn               h - +4 ring of evasion
MPRegen 0.00/turn               o - ring of resist corrosion

@: flying
A: reduced essence, sickness immunity, fire resistance 2, cold vulnerability 1,
float, innate caster, HP casting, extra vitality 1
a: Renounce Religion, Ancestor Life: Knight, Ancestor Life: Battlemage, Ancestor
Life: Hexer, Recall Ancestor, Ancestor Identity


You were on level 6 of the Dungeon.
You worshipped Hepliaklqana.
Hepliaklqana was pleased with you.
You visited 2 branches of the dungeon, and saw 7 of its levels.

You collected 302 gold pieces.

Inventory:

Missiles
 n - a throwing net
Armour
 a - a +0 robe (worn)
Jewellery
 h - a +4 ring of evasion (left hand)
 o - a ring of resist corrosion (right hand)
 p - a +6 ring of dexterity
Wands
 f - a wand of polymorph (15)
 i - a wand of paralysis (11)
Scrolls
 b - a scroll of immolation
 c - a scroll of brand weapon
 d - a scroll of enchant armour
 e - 5 scrolls of amnesia
 g - a scroll of fog {unknown}
 k - a scroll of vulnerability {unknown}
 m - 2 scrolls of teleportation {unknown}
 q - a scroll of fear {unknown}
 r - a scroll of identify
Potions
 j - a potion of heal wounds {unknown}
 l - 4 potions of curing
 s - a potion of cancellation {unknown}


   Skills:
 + Level 0.2 Fighting
 + Level 2.8 Dodging
 + Level 3.1 Stealth
 + Level 0.1 Unarmed Combat
 + Level 9.5 Spellcasting


You had 6 spell levels left.
You knew the following spells:

 Your Spells              Type           Power      Damage    Failure   Level
a - Foxfire               Conj/Fire      100%       2x1d9     1%          1
b - Scorch                Fire           100%       2d10      1%          2
c - Conjure Flame         Conj/Fire      50%        6-21      1%          3
d - Inner Flame           Hex/Fire       50%        N/A       1%          3
e - Flame Wave            Conj/Fire      50%        2d10      1%          4
f - Sandblast             Erth           100%       2d20      1%          1
g - Passwall              Tmut/Erth      41%        N/A       1%          2
h - Call Imp              Summ           50%        N/A       1%          2
i - Teleport Other        Tloc           50%        N/A       1%          3
Your spell library was empty.

Dungeon Overview and Level Annotations

Branches:
Dungeon (6/15)             Temple (1/1) D:4

Altars:
Ashenzari
Cheibriados
Dithmenos
Elyvilon
Fedhas
Gozag
Hepliaklqana
Kikubaaqudgha
Makhleb
Nemelex Xobeh
Okawaru
Qazlal
Ru
Sif Muna
Trog
Uskayaw
Vehumet
Wu Jian
Xom
Yredelemnul
Zin
The Shining One

Annotations:
D:3 1 runed translucent door, Crazy Yiuf
D:4 3 runed translucent doors, Cykl0x's ghost, amateur GrEE


Innate Abilities, Weirdness & Mutations

Your life essence is reduced to manifest your ancestor. (-10% HP)
You are immune to sickness and miasma.
You are immune to poison.
Your flesh is very heat resistant. (rF++)
You are vulnerable to cold. (rC-)
You float through the air rather than walking.
You learn spells naturally, not from books.
Your magical power is your life essence.
You have superior vitality. (+4 MHP)


Message History

The boulder beetle misses you.
The boulder beetle stops rolling and uncurls.
The boulder beetle leaps!
The boulder beetle curls into a ball and begins rolling!
Casting: Foxfire (safe; 1% risk of failure)
Press: ? - help, Q - select action, (/) - cycle Dir - look around, f - activate You conjure some foxfire!
* * * LOW HITPOINT WARNING * * *
The foxfire hits the boulder beetle!
Flame seeps out of the boulder beetle.
The boulder beetle is moderately wounded.
The boulder beetle is engulfed in blazing flames.
Flame seeps out of the boulder beetle.
The foxfire hits the boulder beetle but does no damage.
The boulder beetle is heavily wounded.
Casting: Foxfire (safe; 1% risk of failure)
Press: ? - help, Q - select action, (/) - cycle Dir - look around, f - activate You conjure some foxfire!
* * * LOW HITPOINT WARNING * * *
The foxfire hits the boulder beetle but does no damage.
The boulder beetle is moderately wounded.
The foxfire hits the boulder beetle.
Flame seeps out of the boulder beetle.
The boulder beetle is heavily wounded.
The boulder beetle is engulfed in blazing flames.
Flame seeps out of the boulder beetle.
Casting: Foxfire (safe; 1% risk of failure)
Press: ? - help, Q - select action, (/) - cycle Dir - look around, f - activate You conjure some foxfire!
* * * LOW HITPOINT WARNING * * *
The boulder beetle barely misses you.
The boulder beetle stops rolling and uncurls.
The foxfire hits the boulder beetle but does no damage.
The boulder beetle is heavily wounded.
The foxfire hits the boulder beetle.
Flame seeps out of the boulder beetle.
The boulder beetle is severely wounded.
The boulder beetle's inner flame fades away.
The boulder beetle curls into a ball and begins rolling!
There is a stone staircase leading up here.
The boulder beetle hits you!!
Ouch! That really hurt!
You die...

### ### #.. ####.## ...
####.....## ...
##.........# ... ####
#..........## #...
#..### #@B○°.......#
#...
#....####...........#
#..
##......#............##
#..
#.....................#
#..
##...####.............#
##. #...##
#..............## ##
##...##
#...............# #
##.....#
##..............####
#......#
#...............○°#


You could see a boulder beetle (rolling).

Vanquished Creatures
  A kobold demonologist (D:5)
  Sigmund (D:3)
  A sky beast (D:6)
  2 black bears (D:6)
  4 ogres
  3 centaurs
  A necrophage (D:4)
  A phantom (D:6)
  5 scorpions
  A wyvern zombie (D:6)
  A bullfrog zombie (D:5)
  An orc priest (D:4)
  A jelly (D:6)
  Jessica (D:3)
  2 iguanas
  Natasha (twice) (D:3)
  3 orc wizards
  A hound zombie (D:5)
  3 gnolls (D:6)
  A river rat (D:4)
  6 adders
  2 white imps (D:5)
  An ufetubus (D:6)
  3 dart slugs
  17 orcs
  12 ball pythons
  10 bats
  7 endoplasms
  4 giant cockroaches
  6 hobgoblins
  4 quokkas
  3 frilled lizards
  5 goblins
  9 kobolds
  34 rats
159 creatures vanquished.

Vanquished Creatures (collateral kills)
  A jelly (D:3)
  A rat (D:3)
  3 foxfires (D:1)
5 creatures vanquished.

Vanquished Creatures (others)
  785 foxfires
  A fungus (D:3)
  A plant (D:1)
787 creatures vanquished.

Grand Total: 951 creatures vanquished

Notes
Turn   | Place    | Note
-------+----------+-------------------------------------------
     0 | D:1      | 101zpm the Djinni Fire Elementalist began the quest for the
                  | Orb.
     0 | D:1      | Reached XP level 1. HP: 15/15 MP: 0/0
   307 | D:1      | Reached XP level 2. HP: 11/21 MP: 0/0
   741 | D:2      | Reached skill level 3 in Spellcasting
  1210 | D:2      | Reached XP level 3. HP: 22/25 MP: 0/0
  1210 | D:2      | Learned a level 1 spell: Sandblast
  1293 | D:2      | Found a shadowy altar of Dithmenos.
  1631 | D:3      | Reached XP level 4. HP: 22/31 MP: 0/0
  1646 | D:3      | Noticed Sigmund
  1652 | D:3      | Killed Sigmund
  1653 | D:3      | Reached skill level 4 in Spellcasting
  1653 | D:3      | Reached XP level 5. HP: 13/35 MP: 0/0
  1653 | D:3      | Learned a level 2 spell: Passwall
  1653 | D:3      | Reached XP level 6. HP: 15/40 MP: 0/0
  2055 | D:3      | Noticed Natasha
  2056 | D:3      | Killed Natasha
  2282 | D:5      | Entered Level 5 of the Dungeon
  2285 | D:5      | Reached skill level 5 in Spellcasting
  2430 | D:5      | Noticed an ogre
  2435 | D:5      | Killed an ogre
  2436 | D:5      | Reached XP level 7. HP: 27/45 MP: 0/0
  2436 | D:5      | Learned a level 2 spell: Call Imp
  2752 | D:5      | Found an iron altar of Okawaru.
  2760 | D:5      | Found a hide-covered altar of Uskayaw.
  2760 | D:5      | Found an opulent altar of Gozag.
  2776 | D:5      | Found a basalt altar of Yredelemnul.
  2786 | D:5      | Found a stormy altar of Qazlal.
  3138 | D:5      | Identified the +2 ring mail "Lyihumin" {rF+++ Will- Int+4
                  | Dex-5}
  3274 | D:5      | Reached skill level 6 in Spellcasting
  3319 | D:5      | Noticed a kobold demonologist
  3323 | D:5      | Noticed a chaos spawn
  3325 | D:5      | Killed a kobold demonologist
  3326 | D:5      | Reached skill level 7 in Spellcasting
  3326 | D:5      | Reached XP level 8. HP: 36/50 MP: 0/0
  3580 | D:5      | Found a white marble altar of Elyvilon.
  3580 | D:5      | Found a shadowy altar of Dithmenos.
  4272 | D:4      | Found a runed translucent gate.
  4273 | D:4      | Found a runed translucent gate.
  4273 | D:4      | Found a runed translucent gate.
  4275 | D:4      | Noticed Cykl0x's ghost (amateur GrEE)
  4970 | D:4      | Found a staircase to the Ecumenical Temple.
  5407 | Temple   | Entered the Ecumenical Temple
  5509 | Temple   | Became a worshipper of Hepliaklqana the Forgotten
  6928 | D:1      | Found a faded altar of an unknown god.
  7107 | D:1      | Reached * piety under Hepliaklqana
  7704 | D:3      | Reached skill level 8 in Spellcasting
  7823 | D:3      | Reached XP level 9. HP: 45/49 MP: 0/0
  7823 | D:3      | Learned a level 3 spell: Teleport Other
  8087 | D:3      | Noticed Natasha
  8090 | D:3      | Killed Natasha
  8602 | D:3      | Found a runed translucent door.
  8602 | D:3      | Noticed Jessica
  8605 | D:3      | Killed Jessica
  8780 | D:3      | Noticed Crazy Yiuf
  9331 | D:5      | Found a shimmering altar of Xom.
  9972 | D:6      | Reached skill level 9 in Spellcasting
 10330 | D:6      | Reached ** piety under Hepliaklqana
 10866 | D:6      | Noticed a boulder beetle
 10896 | D:6      | Demolished by a boulder beetle

Illustrated notes

Levels and vault maps discovered:
D:1:      minmay_arrival_stone_box, layout_basic,
          shapermc_ecumenical_altar_mp_ritualfount, serial_bayou_pond_c,
          minmay_misc_feat_secret_circle, minmay_3d_cube
D:2:      layout_basic, basic_altar, minmay_misc_feat_five
D:3:      layout_loops_ring, amcnicky_mini_corridor_feature, minmay_rat_hole,
          uniq_crazy_yiuf_cottage, uniq_natasha, uniq_sigmund, uniq_jessica
D:4:      layout_basic, minmay_temple_entry_nine_rooms, portal_sewer_entry_e,
          ebering_ghost_rock_garden, minivault_14
D:5:      layout_basic, jmf_multi_god_temple, minmay_overflow_temple_star_hex,
          amethyst_overflow_temple_binary, corner_web_ring
D:6:      minmay_spotlight, layout_cave_pods
Temple:   cyrus_circular_temple

Skill      XL: |  1  2  3  4  5  6  7  8  9 |
---------------+----------------------------+-----
Spellcasting   | 3 4 5 7 8 9 |  9.5
Stealth        | 2 3 |  3.1
Fighting       | |  0.2
Dodging        | |  2.8
Unarmed Combat | |  0.1

Action                   |  1- 3 |  4- 6 |  7- 9 || total
-------------------------+-------+-------+-------++-------
Melee: Unarmed           |     2 |       |       ||     2
 Cast: Foxfire           |    71 |    55 |   365 ||   491
       Scorch            |     7 |     8 |    36 ||    51
       Inner Flame       |       |     4 |    44 ||    48
       Call Imp          |       |       |     2 ||     2
  Use: Scroll            |       |       |     4 ||     4
       Potion            |       |       |     1 ||     1
Armor: Robe              |     7 |       |     1 ||     8
Dodge: Dodged            |    12 |       |    12 ||    24
